| TOP OF THE 1ST |
|
Pawtucket Paw Sox batting - Pitching for Reading Phillies : RHP Tim Burke
|
|
Pitching: RHP Tim Burke
|
|
|
Batting: LHB Steven Garcia
|
0-0: Called Strike 0-1: Ball 1-1: Ball 2-1: Ground out 6-3 (Groundball, 56, EV 103.8 MPH)
|
|
Batting: RHB Robert Duran
|
0-0: Called Strike 0-1: Swinging Strike 0-2: Foul Ball, location: 2F 0-2: Strikes out swinging
|
|
Batting: LHB Jeff Stone
|
0-0: Ball 1-0: Ground out 4-3 (Groundball, 4, EV 89.4 MPH)
|
| Top of the 1st over - 0 runs, 0 hits, 0 errors, 0 left on base; Pawtucket 0 - Reading 0 |
| BOTTOM OF THE 1ST |
|
Reading Phillies batting - Pitching for Pawtucket Paw Sox : RHP Curtis Coward
|
|
Pitching: RHP Curtis Coward
|
|
|
Batting: LHB George Johnson
|
0-0: Called Strike 0-1: Ball 1-1: Ball 2-1: Fly out, F9 (Flyball, 9LM, EV 86.9 MPH)
|
|
Batting: LHB Alex Mata
|
0-0: Ball 1-0: Called Strike 1-1: Fly out, F8 (Flyball, 89M, EV 92.5 MPH)
|
|
Batting: LHB Jerald Hammermeister
|
0-0: Ball 1-0: Ball 2-0: Ball 3-0: Base on Balls
|
|
Batting: RHB Paul Wirkus
|
0-0: Ball Passed Ball! Jerald Hammermeister to second 1-0: Ball 2-0: Fly out, F8 (Flyball, 8RXD, EV 94.4 MPH)
|
| Bottom of the 1st over - 0 runs, 0 hits, 0 errors, 1 left on base; Pawtucket 0 - Reading 0 |
| TOP OF THE 2ND |
|
Pawtucket Paw Sox batting - Pitching for Reading Phillies : RHP Tim Burke
|
|
Batting: RHB Dave Malpeso
|
0-0: Ball 1-0: Ball 2-0: Ball 3-0: Called Strike 3-1: Base on Balls
|
|
Batting: RHB Brick Smith
|
0-0: Ball 1-0: Called Strike 1-1: Swinging Strike 1-2: Ball 2-2: Strikes out swinging
|
|
Batting: LHB David Wiggins
|
0-0: Fly out, F4 (Popup, 4M, EV 66.9 MPH)
|
|
Batting: RHB Shooty Babitt
|
0-0: Ground out 4-3 (Groundball, 34, EV 80.6 MPH)
|
| Top of the 2nd over - 0 runs, 0 hits, 0 errors, 1 left on base; Pawtucket 0 - Reading 0 |
| BOTTOM OF THE 2ND |
|
Reading Phillies batting - Pitching for Pawtucket Paw Sox : RHP Curtis Coward
|
|
Batting: LHB Pedro Rabassa
|
0-0: Foul Ball, location: 2F 0-1: Ball 1-1: Foul Ball, location: 2F 1-2: Ball 2-2: Ball 3-2: Base on Balls
|
|
Batting: LHB Martino Martin
|
0-0: Called Strike Pedro Rabassa steals 2nd base 0-1: Ball 1-1: Fly out, F8 (Line Drive, 8LD, EV 100.0 MPH)
|
|
Batting: SHB Doug Baker
|
0-0: Called Strike 0-1: Foul Ball, location: 2F 0-2: Foul Ball, location: 2F 0-2: Ball 1-2: Foul Ball, location: 2F 1-2: Fly out, F9 (Flyball, 89D, EV 106.3 MPH) Runner from 2nd tags up, SAFE at 3rd, no throw by RF
|
|
Batting: RHB Mark Sproesser
|
0-0: Called Strike 0-1: Ball 1-1: Ball 2-1: Called Strike 2-2: Foul Ball, location: 2F 2-2: Ball 3-2: Strikes out swinging
|
| Bottom of the 2nd over - 0 runs, 0 hits, 0 errors, 1 left on base; Pawtucket 0 - Reading 0 |
| TOP OF THE 3RD |
|
Pawtucket Paw Sox batting - Pitching for Reading Phillies : RHP Tim Burke
|
|
Batting: RHB Gary Hargis
|
0-0: Ball 1-0: Called Strike 1-1: Ball 2-1: Foul Ball, location: 2F 2-2: Ground out 5-3 (Groundball, 56S, EV 77.5 MPH)
|
|
Batting: RHB Ted Cox
|
0-0: Ground out 4-3 (Groundball, 34D, EV 83.8 MPH)
|
|
Batting: LHB Steven Garcia
|
0-0: Ball 1-0: Ball 2-0: Ground out 3-1 (Groundball, 34, EV 114.4 MPH)
|
| Top of the 3rd over - 0 runs, 0 hits, 0 errors, 0 left on base; Pawtucket 0 - Reading 0 |
| BOTTOM OF THE 3RD |
|
Reading Phillies batting - Pitching for Pawtucket Paw Sox : RHP Curtis Coward
|
|
Batting: RHB Vincent Martelli
|
0-0: Ball 1-0: Ground out 6-3 (Groundball, 6, EV 86.9 MPH)
|
|
Batting: LHB George Johnson
|
0-0: Ball 1-0: Foul Ball, location: 2F 1-1: Called Strike 1-2: Ball 2-2: Reached via error on a dropped throw from 1B, E1 (Groundball, 23, EV 90.0 MPH)
|
|
Batting: LHB Alex Mata
|
0-0: Ball 1-0: Fielders Choice at 2nd, 4-6 (Groundball, 4, EV 85.6 MPH)
|
|
Batting: LHB Jerald Hammermeister
|
0-0: Ball 1-0: Fly out, F1 (Popup, 13, EV 77.5 MPH)
|
| Bottom of the 3rd over - 0 runs, 0 hits, 1 error, 1 left on base; Pawtucket 0 - Reading 0 |
| TOP OF THE 4TH |
|
Pawtucket Paw Sox batting - Pitching for Reading Phillies : RHP Tim Burke
|
|
Batting: RHB Robert Duran
|
0-0: Called Strike 0-1: Called Strike 0-2: Ball 1-2: Fly out, F9 (Flyball, 9LD, EV 95.6 MPH)
|
|
Batting: LHB Jeff Stone
|
0-0: Ball 1-0: Foul Ball, location: 2F 1-1: Ball 2-1: Ball 3-1: Swinging Strike 3-2: Strikes out swinging
|
|
Batting: RHB Dave Malpeso
|
0-0: Swinging Strike 0-1: Foul Ball, location: 2F 0-2: SINGLE (Line Drive, 8RM, EV 96.9 MPH)
|
|
Batting: RHB Brick Smith
|
0-0: Fly out, F9 (Flyball, 9, EV 78.1 MPH)
|
| Top of the 4th over - 0 runs, 1 hit, 0 errors, 1 left on base; Pawtucket 0 - Reading 0 |
| BOTTOM OF THE 4TH |
|
Reading Phillies batting - Pitching for Pawtucket Paw Sox : RHP Curtis Coward
|
|
Batting: RHB Paul Wirkus
|
0-0: Fly out, F3 (Popup, 3SF, EV 75.6 MPH)
|
|
Batting: LHB Pedro Rabassa
|
0-0: Foul Ball, location: 2F 0-1: Ball 1-1: Called Strike 1-2: Foul Ball, location: 2F 1-2: Ball 2-2: Foul Ball, location: 2F 2-2: Strikes out swinging
|
|
Batting: LHB Martino Martin
|
0-0: Called Strike 0-1: Ball 1-1: Called Strike 1-2: Ground out U3 (Groundball, 3, EV 103.8 MPH)
|
| Bottom of the 4th over - 0 runs, 0 hits, 0 errors, 0 left on base; Pawtucket 0 - Reading 0 |
| TOP OF THE 5TH |
|
Pawtucket Paw Sox batting - Pitching for Reading Phillies : RHP Tim Burke
|
|
Batting: LHB David Wiggins
|
0-0: Ball 1-0: Called Strike 1-1: Ball 2-1: Reached on error, E3 (Groundball, 34, EV 81.3 MPH)
|
|
Batting: RHB Shooty Babitt
|
0-0: Foul Ball, location: 2F 0-1: Bunt missed! 0-2: Ball 1-2: Ball 2-2: Foul Ball, location: 2F 2-2: Foul Ball, location: 2F 2-2: Ball 3-2: Base on Balls David Wiggins to second
|
|
Batting: RHB Gary Hargis
|
0-0: Ball 1-0: Bunt missed! 1-1: Sac Bunt to 13 - play at first, batter OUT! 1-4 David Wiggins to third Shooty Babitt to second
|
|
Batting: RHB Ted Cox
|
0-0: Ground out U3 (Groundball, 34S, EV 78.8 MPH)
|
|
Batting: LHB Steven Garcia
|
0-0: Called Strike 0-1: Fly out, F8 (Flyball, 78XD, EV 108.1 MPH)
|
| Top of the 5th over - 0 runs, 0 hits, 1 error, 2 left on base; Pawtucket 0 - Reading 0 |
| BOTTOM OF THE 5TH |
|
Reading Phillies batting - Pitching for Pawtucket Paw Sox : RHP Curtis Coward
|
|
Batting: SHB Doug Baker
|
0-0: Foul Ball, location: 2F 0-1: Called Strike 0-2: Ball 1-2: Foul Ball, location: 2F 1-2: Ball 2-2: Foul Ball, location: 2F 2-2: Foul Ball, location: 2F 2-2: Ground out U3 (Groundball, 34S, EV 82.5 MPH)
|
|
Batting: RHB Mark Sproesser
|
0-0: Ball 1-0: Foul Ball, location: 2F 1-1: Swinging Strike 1-2: Ball 2-2: Foul Ball, location: 2F 2-2: Ball 3-2: Base on Balls
|
|
Batting: RHB Vincent Martelli
|
0-0: Ball 1-0: Foul Ball, location: 2F 1-1: Foul Ball, location: 2F 1-2: Fly out, F8 (Line Drive, 8LD, EV 100.0 MPH)
|
|
Batting: LHB George Johnson
|
0-0: Called Strike 0-1: Foul Ball, location: 2F 0-2: Ball 1-2: Ground out 4-3 (Groundball, 4, EV 83.1 MPH)
|
| Bottom of the 5th over - 0 runs, 0 hits, 0 errors, 1 left on base; Pawtucket 0 - Reading 0 |
| TOP OF THE 6TH |
|
Pawtucket Paw Sox batting - Pitching for Reading Phillies : RHP Tim Burke
|
|
Batting: RHB Robert Duran
|
0-0: Foul Ball, location: 2F 0-1: Fly out, F8 (Line Drive, 8RD, EV 87.5 MPH)
|
|
Batting: LHB Jeff Stone
|
0-0: Ball 1-0: Ball 2-0: Ball 3-0: Called Strike 3-1: Foul Ball, location: 2F 3-2: Strikes out swinging
|
|
Batting: RHB Dave Malpeso
|
0-0: Ball 1-0: Foul Ball, location: 2F 1-1: Swinging Strike 1-2: Ball 2-2: Ball 3-2: Foul Ball, location: 2F 3-2: SINGLE (Flyball, 8LS, EV 95.6 MPH)
|
|
Batting: RHB Brick Smith
|
0-0: SINGLE (Groundball, 4D, EV 95.6 MPH) Dave Malpeso to second Runner from 2nd tries for 3rd, SAFE after rundown.
|
|
Batting: LHB David Wiggins
|
0-0: SINGLE (Groundball, 4D, EV 100.0 MPH) Dave Malpeso scores Brick Smith to second Runner from 2nd tries for 3rd, OUT! 9-5
|
| Top of the 6th over - 1 run, 3 hits, 0 errors, 1 left on base; Pawtucket 1 - Reading 0 |
| BOTTOM OF THE 6TH |
|
Reading Phillies batting - Pitching for Pawtucket Paw Sox : RHP Curtis Coward
|
|
Batting: LHB Alex Mata
|
0-0: Fly out, F7 (Line Drive, 7D, EV 105.6 MPH)
|
|
Batting: LHB Jerald Hammermeister
|
0-0: Ball 1-0: Called Strike 1-1: Fly out, F7 (Flyball, 7LS, EV 89.4 MPH)
|
|
Batting: RHB Paul Wirkus
|
0-0: Ball 1-0: Foul Ball, location: 2F 1-1: Called Strike 1-2: Strikes out swinging
|
| Bottom of the 6th over - 0 runs, 0 hits, 0 errors, 0 left on base; Pawtucket 1 - Reading 0 |
| TOP OF THE 7TH |
|
Pawtucket Paw Sox batting - Pitching for Reading Phillies : RHP Tim Burke
|
|
Batting: RHB Shooty Babitt
|
0-0: Called Strike 0-1: Called Strike 0-2: Foul Ball, location: 2F 0-2: Ball 1-2: Ball 2-2: Foul Ball, location: 2F 2-2: Foul Ball, location: 2F 2-2: Foul Ball, location: 2F 2-2: Foul Ball, location: 2F 2-2: Ground out 3-1 (Groundball, 34, EV 85.0 MPH)
|
|
Batting: RHB Gary Hargis
|
0-0: Fly out, F3 (Popup, 3SF, EV 80.6 MPH)
|
|
Batting: RHB Ted Cox
|
0-0: Called Strike 0-1: Swinging Strike 0-2: Strikes out swinging
|
| Top of the 7th over - 0 runs, 0 hits, 0 errors, 0 left on base; Pawtucket 1 - Reading 0 |
| BOTTOM OF THE 7TH |
|
Reading Phillies batting - Pitching for Pawtucket Paw Sox : RHP Curtis Coward
|
|
Batting: LHB Pedro Rabassa
|
0-0: Called Strike 0-1: Ball 1-1: Ball 2-1: Foul Ball, location: 2F 2-2: Ball 3-2: Base on Balls
|
|
Batting: LHB Martino Martin
|
0-0: Ball 1-0: Called Strike 1-1: Called Strike 1-2: Ball 2-2: Ball 3-2: Base on Balls Pedro Rabassa to second
|
|
Batting: SHB Doug Baker
|
0-0: Bunted foul 0-1: Ball 1-1: Bunted foul 1-2: Ball 2-2: Foul Ball, location: 2F 2-2: Ground out U3 (Groundball, 3S, EV 86.9 MPH) Pedro Rabassa to third Martino Martin to second
|
|
Pinch Hitting: LHB Billy Weems
|
0-0: Foul Ball, location: 2F 0-1: Ball 1-1: DOUBLE (Line Drive, 5D, EV 96.9 MPH) Pedro Rabassa scores Martino Martin scores
|
|
Batting: RHB Vincent Martelli
|
0-0: Ball 1-0: Ball 2-0: Fly out, F8 (Flyball, 8LM, EV 95.0 MPH)
|
|
Batting: LHB George Johnson
|
0-0: Ball 1-0: Ball 2-0: Ball 3-0: Base on Balls
|
|
Batting: LHB Alex Mata
|
0-0: Swinging Strike 0-1: Foul Ball, location: 2F 0-2: Foul Ball, location: 2F 0-2: SINGLE (Groundball, 34D, EV 102.5 MPH) Billy Weems to third George Johnson to second Runner from 3rd tries for Home, SAFE, throw by RF to home
|
|
Batting: LHB Jerald Hammermeister
|
0-0: Foul Ball, location: 2F 0-1: Ball 1-1: Foul Ball, location: 2F 1-2: Ball 2-2: Foul Ball, location: 2F 2-2: DOUBLE (Line Drive, 7LM, EV 98.1 MPH) George Johnson scores Alex Mata to third Runner from 3rd tries for Home, SAFE, no throw by LF
|
|
Pitching: RHP Sam Bryan
|
|
|
Batting: RHB Paul Wirkus
|
0-0: Ball 1-0: Foul Ball, location: 2F 1-1: 2-RUN HOME RUN (Flyball, 7LD, EV 104.4 MPH), Distance : 367 ft
|
|
Batting: LHB Pedro Rabassa
|
0-0: Ball 1-0: Ball 2-0: Ball 3-0: Base on Balls
|
|
Batting: LHB Martino Martin
|
0-0: Ball Pedro Rabassa steals 2nd base 1-0: Ball 2-0: Fly out, F7 (Flyball, 7LM, EV 91.3 MPH)
|
| Bottom of the 7th over - 7 runs, 4 hits, 0 errors, 1 left on base; Pawtucket 1 - Reading 7 |
| TOP OF THE 8TH |
|
Pawtucket Paw Sox batting - Pitching for Reading Phillies : RHP Tim Burke
|
|
Now at 3B: Billy Weems
|
|
|
Batting: LHB Steven Garcia
|
0-0: Ground out 6-3 (Groundball, 6S, EV 83.8 MPH)
|
|
Batting: RHB Robert Duran
|
0-0: Called Strike 0-1: Ball 1-1: Foul Ball, location: 2F 1-2: Foul Ball, location: 2F 1-2: TRIPLE (Flyball, 8LXD, EV 89.4 MPH)
|
|
Batting: LHB Jeff Stone
|
0-0: Ball 1-0: Called Strike 1-1: Foul Ball, location: 2F 1-2: Ground out U3 (Groundball, 3, EV 105.0 MPH)
|
|
Batting: RHB Dave Malpeso
|
0-0: Ball 1-0: Foul Ball, location: 2F 1-1: Ground out 6-3 (Groundball, 6, EV 89.4 MPH)
|
| Top of the 8th over - 0 runs, 1 hit, 0 errors, 1 left on base; Pawtucket 1 - Reading 7 |
| BOTTOM OF THE 8TH |
|
Reading Phillies batting - Pitching for Pawtucket Paw Sox : RHP Sam Bryan
|
|
Batting: SHB Doug Baker
|
0-0: Ball 1-0: Ball 2-0: Called Strike 2-1: Ball 3-1: Swinging Strike 3-2: Base on Balls
|
|
Batting: LHB Billy Weems
|
0-0: Foul Ball, location: 2F 0-1: Called Strike 0-2: Fly out, F3 (Line Drive, 3, EV 63.8 MPH)
|
|
Batting: RHB Vincent Martelli
|
0-0: Called Strike 0-1: Foul Ball, location: 2F 0-2: Fly out, F8 (Flyball, 8LXD, EV 101.9 MPH)
|
|
Batting: LHB George Johnson
|
0-0: Ball 1-0: Called Strike 1-1: Ball 2-1: Swinging Strike 2-2: Hit by Pitch Doug Baker to second
|
|
Batting: LHB Alex Mata
|
0-0: Fly out, F8 (Line Drive, 8RD, EV 102.5 MPH)
|
| Bottom of the 8th over - 0 runs, 0 hits, 0 errors, 2 left on base; Pawtucket 1 - Reading 7 |
| TOP OF THE 9TH |
|
Pawtucket Paw Sox batting - Pitching for Reading Phillies : RHP Tim Burke
|
|
Batting: RHB Brick Smith
|
0-0: Called Strike 0-1: Ball 1-1: Foul Ball, location: 2F 1-2: SINGLE (Flyball, 6D, EV 88.1 MPH)
|
|
Batting: LHB David Wiggins
|
0-0: Swinging Strike 0-1: Foul Ball, location: 2F 0-2: Fly out, F7 (Flyball, 7LM, EV 85.0 MPH)
|
|
Batting: RHB Shooty Babitt
|
0-0: Ball 1-0: Ball 2-0: Foul Ball, location: 2F 2-1: Fielders Choice at 2nd, 4-6 (Groundball, 34, EV 87.5 MPH)
|
|
Batting: RHB Gary Hargis
|
0-0: Ball 1-0: Swinging Strike 1-1: Foul Ball, location: 2F 1-2: Ball 2-2: Ball 3-2: Ground out 5-3 (Groundball, 56S, EV 94.4 MPH)
|
| Top of the 9th over - 0 runs, 1 hit, 0 errors, 1 left on base; Pawtucket 1 - Reading 7 |
|